 Dungeon Crawl Stone Soup version 0.27-a0-1200-g94dc6ad4cf (webtiles) character file.

Game seed: 11889760054929632367

402 Gwenloh the Magician (level 7, -1/45 HPs)
             Began as a Djinni Air Elementalist on May 30, 2021.
             Slain by a phantom (8 damage)
             ... on level 4 of the Dungeon.
             The game lasted 00:11:52 (4579 turns).

Gwenloh the Magician (Djinni Air Elementalist)      Turns: 4579, Time: 00:11:54

Health: -1/45      AC:  5    Str:  7    XL:     7   Next: 11%
Gold:   150        EV: 14    Int: 21    God:
                   SH:  0    Dex: 14

rFire    + + .     SeeInvis .   q - +0 whip (venom)
rCold    x . .     Faith    .   (no shield)
rNeg     . . .     Spirit   .   a - +0 robe
rPois    ∞         Reflect  .   i - +2 helmet {Int+3}
rElec    .         Harm     .   (no cloak)
rCorr    .         Rampage  .   (no gloves)
Will     .....                  (boots unavailable)
Stlth    ++........             (no amulet)
HPRegen  0.15/turn              (no ring)
MPRegen  0.00/turn              (no ring)

@: flying, very slightly contaminated
A: sickness immunity, fire resistance 2, cold vulnerability 1, float, innate
caster, hp casting, extra vitality 1
a: no special abilities


You were on level 4 of the Dungeon.
You visited 1 branch of the dungeon, and saw 4 of its levels.

You collected 150 gold pieces.

Inventory:

Hand Weapons
 b - a +0 mace
 q - a +0 whip of venom (weapon)
Armour
 a - a +0 robe (worn)
 i - a +2 helmet of intelligence (worn)
Jewellery
 h - a ring of ice
 k - a +4 ring of evasion
 t - a +6 ring of dexterity
Scrolls
 c - a scroll of acquirement {unknown}
 f - a scroll of immolation {unknown}
 g - a scroll of enchant armour {unknown}
 j - a scroll of teleportation {unknown}
 p - a scroll of identify {unknown}
 u - 3 scrolls of holy word {unknown}
Potions
 d - 2 potions of attraction {unknown}
 e - a potion of curing {unknown}
 l - 2 potions of brilliance {unknown}
 m - a potion of heal wounds {unknown}
 n - a potion of cancellation {unknown}
 o - 2 potions of might {unknown}
 r - a potion of berserk rage {unknown}
 s - a potion of haste {unknown}


   Skills:
 + Level 4.7 Dodging
 - Level 1.5 Stealth
 * Level 4.9 Spellcasting


You couldn't memorise any spells.
You knew the following spells:

 Your Spells              Type           Power      Damage    Failure   Level
a - Shock                 Conj/Air       100%       1d9       1%          1
b - Static Discharge      Conj/Air       25%        N/A       2%          2
c - Swiftness             Air            25%        N/A       4%          3
d - Airstrike             Air            12%        N/A       14%         4
e - Lightning Bolt        Conj/Air       12%        1d26      36%         5
f - Magic Dart            Conj           100%       1d8       1%          1
g - Passwall              Tmut/Erth      20%        N/A       2%          2
h - Inner Flame           Hex/Fire       25%        N/A       4%          3
Your spell library was empty.

Dungeon Overview and Level Annotations

Branches:
Dungeon (4/15)
 Temple: D:4-7

Altars:
Kikubaaqudgha
Uskayaw
Vehumet


Innate Abilities, Weirdness & Mutations

You are immune to sickness and miasma.
You are immune to poison.
Your flesh is very heat resistant. (rF++)
You are vulnerable to cold. (rC-)
You float through the air rather than walking.
You learn spells naturally, not from books.
Your magical power is your life essence.
You have superior vitality. (+4 HP)


Message History

Aiming: Airstrike (quite dangerous; 14% risk of failure)
Press: ? - help, Dir - move target, f/p - phantom
Aim: a phantom (moderately damaged)
The air twists around and strikes the phantom!
The phantom is heavily damaged.
The phantom closely misses you.
You miss the phantom.
The phantom is heavily damaged.
The phantom hits you.
The phantom blinks!
You blink.
The phantom barely misses you.
Unknown command.
Unknown command.
The phantom misses you.
There is a stone staircase leading up here.
Casting: Airstrike (quite dangerous; 14% risk of failure)
Confirm with . or Enter, or press ? or * to list all spells.
Aiming: Shock (safe; 1% risk of failure)
Press: ? - help, Shift-Dir - straight line, f/p - phantom
Aim: a phantom (heavily damaged, 64% to hit)
The zap hits the phantom.
The phantom is severely damaged.
Casting: Shock (safe; 1% risk of failure)
Confirm with . or Enter, or press ? or * to list all spells.
The spell is quite dangerous to cast (14% risk of failure)!
Continue anyway?
Aiming: Airstrike (quite dangerous; 14% risk of failure)
Press: ? - help, Dir - move target, f/p - phantom
Aim: a phantom (severely damaged)
The air twists around and strikes the phantom!
The phantom is almost destroyed.
The phantom barely misses you.
Casting: Airstrike (quite dangerous; 14% risk of failure)
Confirm with . or Enter, or press ? or * to list all spells.
The spell is quite dangerous to cast (14% risk of failure)!
Continue anyway?
Aiming: Airstrike (quite dangerous; 14% risk of failure)
Press: ? - help, Dir - move target, f/p - phantom
Aim: a phantom (almost destroyed)
You miscast Airstrike.
Sparks of electricity dance around you!
* * * LOW HITPOINT WARNING * * *
x2 The phantom hits you!
You die...

#.#.# #≈##..##..##...#####
##.#.# #≈≈#..##..#......).#
#..#.###≈≈##..#..#^##.###.#
#.##.##≈≈≈≈#).#..#.)..###.#
#......≈≈≈≈#).#..#........#
##.....≈≈≈≈#).#.##...######
#.....#≈≈##..#.##...#
#)....#≈≈#.)##.##...#
#.......≈#.)#.@.....#
###'#...##.)#W#######
###.#..............
#.###.....#######
#.####.##..# #......###.#
######.# #.# #.# #....# #.#
###8..#


You could see a phantom.

Vanquished Creatures
  2 kobold brigands (D:4)
  Jessica (D:2)
  Natasha (thrice) (D:2)
  4 gnolls (D:4)
  3 adders
  An ufetubus (D:4)
  A worm (D:3)
  A dart slug (D:1)
  5 orcs (D:4)
  2 ball pythons (D:4)
  7 bats
  4 endoplasms
  2 giant cockroaches
  3 goblins
  7 hobgoblins
  8 jackals
  3 quokkas
  2 frilled lizards (D:2)
  18 kobolds
  5 rats
82 creatures vanquished.

Vanquished Creatures (others)
  2 plants (D:3)
2 creatures vanquished.

Grand Total: 84 creatures vanquished

Notes
Turn   | Place    | Note
-------+----------+-------------------------------------------
     0 | D:1      | Gwenloh the Djinni Air Elementalist began the quest for the
                  | Orb.
     0 | D:1      | Reached XP level 1. HP: 15/15 MP: 0/0
   332 | D:1      | Reached XP level 2. HP: 12/21 MP: 0/0
  1061 | D:2      | HP: 1/21 [/static electricity (2)]
  1062 | D:2      | Reached XP level 3. HP: 1/25 MP: 0/0
  1062 | D:2      | Learned a level 1 spell: Magic Dart
  1433 | D:2      | Noticed Jessica
  1437 | D:2      | Killed Jessica
  1438 | D:2      | Reached XP level 4. HP: 26/31 MP: 0/0
  1584 | D:2      | Noticed Natasha
  1588 | D:2      | Killed Natasha
  1697 | D:2      | Noticed Natasha
  1700 | D:2      | Killed Natasha
  1701 | D:2      | Reached XP level 5. HP: 30/35 MP: 0/0
  1701 | D:2      | Learned a level 2 spell: Passwall
  2253 | D:2      | Noticed Natasha
  2259 | D:2      | Killed Natasha
  2708 | D:3      | Found a faded altar of an unknown god.
  3059 | D:3      | Found a hide-covered altar of Uskayaw.
  3291 | D:4      | Reached XP level 6. HP: 38/40 MP: 0/0
  4328 | D:4      | Reached XP level 7. HP: 31/45 MP: 0/0
  4328 | D:4      | Learned a level 3 spell: Inner Flame
  4579 | D:4      | Slain by a phantom

Illustrated notes

Levels and vault maps discovered:
D:1:      shiori_shiawase, layout_rooms, kennysheep_pointless_box
D:2:      layout_basic, serial_park_tiny_2, uniq_jessica, uniq_natasha
D:3:      layout_basic, nicolae_vehumet_altar_sigil, lemuel_crystal_altar,
          nicolae_uskayaw_murder_on_the_dancefloor,
          shapermc_ecumenical_altar_mp_ritualfount
D:4:      cheibrodos_thug_alley, layout_basic, grunt_ministairs_8

Skill      XL: |  1  2  3  4  5  6 |
---------------+-------------------+-----
Spellcasting   | 3 4 |  4.9
Dodging        | 3 4 |  4.7
Stealth        | |  1.5

Action                   |  1- 3 |  4- 6 |  7- 9 || total
-------------------------+-------+-------+-------++-------
Melee: Whip              |       |       |     1 ||     1
 Cast: Shock             |    44 |   130 |     5 ||   179
       Static Discharge  |     3 |     8 |       ||    11
       Airstrike         |       |       |     2 ||     2
Armor: Robe              |     2 |     3 |       ||     5
Dodge: Dodged            |     6 |     7 |     5 ||    18

Table legend: (Time is in decaauts)
 A = Elapsed time spent in this place.
 B = Non-inter-level travel time spent in this place.
 C = Inter-level travel time spent in this place.
 D = Time resting spent in this place.
 E = Time spent auto-exploring this place.
 F = Levels seen in this place.
 G = Mean time per level.
                   A        B        C        D        E       F      G
               +--------+--------+--------+--------+--------+-----+--------+
         Total |   4590 |   4514 |     76 |    654 |   3487 |   4 | 1147.5 |
       Dungeon |   4590 |   4514 |     76 |    654 |   3487 |   4 | 1147.5 |
               +--------+--------+--------+--------+--------+-----+--------+

Top non-repeatable levels by time:
     D:1: 1349 daAuts
     D:4: 1260 daAuts
     D:2: 1140 daAuts
     D:3: 840 daAuts
